 Dungeon Crawl Stone Soup version 0.29.1-15-g9cfb28693d (webtiles) character file.

Game seed: 17031823479956684438

213 croobank the Caller (level 5, 0/38 HPs)
             Began as a Minotaur Summoner on Mar 4, 2023.
             Slain by Grinder (2 damage)
             ... on level 3 of the Dungeon.
             The game lasted 00:17:03 (4425 turns).

croobank the Caller (Minotaur Summoner)             Turns: 4425, Time: 00:17:03

Health: 0/38       AC:  5    Str: 12    XL:     5   Next: 59%
Magic:  0/8        EV: 12    Int: 14    God:
Gold:   130        SH:  0    Dex: 11    Spells: 0/9 levels left

rFire   . . .      SeeInvis .   t - +0 spear (flame)
rCold   . . .      Faith    .   (no shield)
rNeg    . . .      Spirit   .   a - +0 robe
rPois   .          Reflect  .   (helmet restricted)
rElec   .          Harm     .   d - +2 cloak {rCorr}
rCorr   +          Rampage  .   (no gloves)
Will    +....                   (no boots)
Stlth   ++........              (no amulet)
HPRegen 0.12/turn               r - ring of willpower
MPRegen 0.11/turn               (no ring)

@: attractive, invisible
A: horns 2, retaliatory headbutt
a: no special abilities


You were on level 3 of the Dungeon.
You visited 1 branch of the dungeon, and saw 3 of its levels.

You collected 130 gold pieces.

Inventory:

Hand Weapons
 b - a +2 quarterstaff of chaos
 c - a +0 spear
 f - a +0 dagger
 t - a +0 spear of flaming (weapon)
 z - a +3 short sword
Missiles
 y - 2 throwing nets
Armour
 a - a +0 robe (worn)
 d - a +2 cloak of preservation (worn)
 l - a +0 tower shield
Magical Staves
 s - a staff of poison
 w - a staff of earth
Jewellery
 r - a ring of willpower (left hand)
Wands
 x - a wand of mindburst (16)
Scrolls
 i - a scroll of teleportation
 k - a scroll of blinking {unknown}
 n - a scroll of fog {unknown}
 o - a scroll of acquirement {unknown}
 u - 2 scrolls of identify
Potions
 e - 2 potions of degeneration
 j - 2 potions of might {unknown}
 m - a potion of curing {unknown}
 p - 2 potions of flight {unknown}
 q - 2 potions of ambrosia {unknown}
 v - 2 potions of resistance {unknown}


   Skills:
 + Level 3.3 Dodging
 + Level 2.6 Stealth
 * Level 2.7 Spellcasting
 * Level 0.6 Hexes
 + Level 3.4 Summonings


You couldn't memorise any spells.
You knew the following spells:

 Your Spells              Type           Power      Damage    Failure   Level
a - Summon Small Mammal   Summ           44%        N/A       5%          1
b - Call Imp              Summ           11%        N/A       9%          2
c - Call Canine Familiar  Summ           11%        N/A       16%         3
d - Summon Guardian Gole  Hex/Summ       7%         N/A       28%         3

Your spell library contained the following spells:

 Spells                   Type           Power      Damage    Failure   Level
 Ignite Poison            Fire/Tmut/Pois 1%         N/A       54%         3
 Mephitic Cloud           Conj/Pois/Air  1%         N/A       54%         3
 Summon Lightning Spire   Summ/Air       6%         N/A       73%         4
 Freezing Cloud           Conj/Ice/Air   0%         6-21      99%         5


Dungeon Overview and Level Annotations

Branches:
Dungeon (3/15)

Altars:

Shops:
D:2 [

Annotations:
D:3 Grinder


Innate Abilities, Weirdness & Mutations

You have a pair of horns on your head.
You reflexively headbutt those who attack you in melee.


Message History

Grinder closely misses you. You furiously retaliate!
You headbutt Grinder.
It was a potion of invisibility.
You fade into invisibility!
Grinder hits you.
You writhe in agony.
You strike the helpless Grinder from behind!
You hit Grinder but do no damage.
Grinder is lightly wounded.
Grinder hits you.
Grinder blinks!
Grinder is attracted toward you.
Reach: t) +0 spear (flame)
Press: ? - help, Dir - move target, f/p - Grinder
Aim: Grinder (lightly wounded, unable to see you, about 47% to evade your +0 spear of flaming)
You reach to attack!
You hit Grinder. You burn Grinder.
Grinder is lightly wounded.
Grinder is attracted toward you.
Reach: t) +0 spear (flame)
Press: ? - help, Dir - move target, f/p - Grinder
Aim: Grinder (lightly wounded, wandering, unable to see you, hasn't noticed you, about 47% to evade your +0 spear of flaming)
You hit Grinder but do no damage. You headbutt Grinder!
Grinder is moderately wounded.
Grinder hits you.
You writhe in agony.
Reach: t) +0 spear (flame)
Press: ? - help, Dir - move target, f/p - Grinder
Aim: Grinder (moderately wounded, unable to see you, about 47% to evade your +0 spear of flaming)
You closely miss Grinder. You headbutt Grinder!
Grinder is severely wounded.
Grinder barely misses you. You furiously retaliate!
You headbutt Grinder, but do no damage.
Reach: t) +0 spear (flame)
Press: ? - help, Dir - move target, f/p - Grinder
Aim: Grinder (severely wounded, unable to see you, about 47% to evade your +0 spear of flaming)
You barely miss Grinder. Your headbutt misses Grinder.
Grinder is severely wounded.
Grinder hits you!
* * * LOW HITPOINT WARNING * * *
You writhe in agony.
* * * LOW HITPOINT WARNING * * *
Casting: Call Canine Familiar (quite dangerous; 16% risk of failure)
Confirm with . or Enter, or press ? or * to list all spells.
Grinder hits you.
You die...

#....# # #....# #
#....# # ....# #
... ### #.# #..
#.# ...###### #.#
#5# #......####.#
#@# #####).....#
#.#####.......####
#.h##...#####.###.
##....#######†....
#.............###.
#.......##.....##.
#.......####...##.
######....###.....
##.......###.


You could see Grinder (unable to see you, ally target) and a friendly hound
(summoned).

Vanquished Creatures
  A nameless horror (D:3)
  2 adders
  A worm (D:2)
  5 ball pythons
  3 bats
  5 endoplasms
  8 goblins
  7 hobgoblins
  4 jackals
  4 kobolds
  A quokka (D:1)
  2 frilled lizards
  A rat (D:2)
44 creatures vanquished.

Vanquished Creatures (collateral kills)
  A hound (D:2)
  Crazy Yiuf (D:2)
  3 gnolls (D:3)
  2 adders (D:2)
  A worm (D:2)
  2 dart slugs
  2 ball pythons
  A bat (D:3)
  2 endoplasms (D:1)
  A giant cockroach (D:2)
  A goblin (D:1)
  2 hobgoblins
  4 jackals
  A quokka (D:2)
  2 frilled lizards
  3 kobolds
  A rat (D:1)
30 creatures vanquished.

Grand Total: 74 creatures vanquished

Notes
Turn   | Place    | Note
-------+----------+-------------------------------------------
     0 | D:1      | croobank the Minotaur Summoner began the quest for the Orb.
     0 | D:1      | Reached XP level 1. HP: 14/14 MP: 1/1
   279 | D:1      | Reached XP level 2. HP: 17/20 MP: 0/3
   712 | D:1      | Found a faded altar of an unknown god.
   716 | D:1      | Learned a level 2 spell: Call Imp
   962 | D:1      | Reached XP level 3. HP: 26/26 MP: 1/4
  1735 | D:2      | Found Amizoihy's Antique Armour Shoppe.
  1802 | D:2      | Reached XP level 4. HP: 28/33 MP: 6/6
  1806 | D:2      | Learned a level 3 spell: Call Canine Familiar
  2361 | D:2      | Found a runed translucent door.
  2362 | D:2      | Noticed Crazy Yiuf
  2570 | D:2      | Killed Crazy Yiuf
  3104 | D:3      | Reached XP level 5. HP: 38/38 MP: 2/7
  3116 | D:3      | Learned a level 3 spell: Summon Guardian Golem
  4404 | D:3      | Noticed Grinder
  4405 | D:3      | Noticed a nameless horror
  4412 | D:3      | Killed a nameless horror
  4413 | D:3      | Paralysed by Grinder for 5 turns
  4424 | D:3      | HP: 1/38 [Grinder (2)]
  4425 | D:3      | Slain by Grinder

Illustrated notes

Levels and vault maps discovered:
D:1:      kennysheep_arrival_seaside, layout_basic,
          ebering_ecumenical_altar_mist, serial_aquarium, aquarium_bridge_square
          [aquarium_subvault_wall, aquarium_subvault_window,
          aquarium_subvault_bridge, aquarium_subvault_window],
          aquarium_bridge_square [aquarium_subvault_bridge,
          aquarium_subvault_bridge, aquarium_subvault_wall,
          aquarium_subvault_bridge], aquarium_window_fake,
          aquarium_window_corner, aquarium_window_corridor_1, aquarium_view_2g,
          aquarium_view_2a, aquarium_balcony_5a, aquarium_pool_1,
          minmay_tromino_mix6
D:2:      kb_forest_paths, layout_loops_ring, serial_shops, shop,
          uniq_crazy_yiuf_cottage
D:3:      layout_rooms, minmay_rat_hole, uniq_robin, uniq_grinder

Skill      XL: |  1  2  3  4 |
---------------+-------------+-----
Summonings     | 3 |  3.4
Stealth        | 2 |  2.6
Spellcasting   | 2 |  2.7
Dodging        | 3 |  3.3
Hexes          | |  0.6

Action                   |  1- 3 |  4- 6 || total
-------------------------+-------+-------++-------
Melee: Spear             |    51 |    90 ||   141
       Headbutt          |     4 |    13 ||    17
       Punch             |     1 |       ||     1
 Cast: Summon Small Mamm |    23 |    22 ||    45
       Call Imp          |     5 |    11 ||    16
       Call Canine Famil |       |    10 ||    10
  Use: Scroll            |       |     4 ||     4
       Potion            |       |     4 ||     4
 Stab: Sleeping          |     5 |     6 ||    11
       Invisible         |       |     1 ||     1
Armor: Robe              |     4 |    29 ||    33
Dodge: Dodged            |    23 |    63 ||    86
